 Dungeon Crawl Stone Soup version 0.31-a0-202-g547052bce9 (webtiles) character file.

Game seed: 6216974468373170220

358 qw the Skirmisher (level 6, -4/35 HPs)
             Began as a Deep Elf Hunter on June 26, 2023.
             Slain by Duvessa
             ... wielding a +0 short sword
              (5 damage)
             ... on level 5 of the Dungeon.
             The game lasted 00:01:07 (2752 turns).

qw the Skirmisher (Deep Elf Hunter)                 Turns: 2752, Time: 00:01:07

Health: -4/35      AC:  8    Str: 10    XL:     6   Next: 37%
Magic:  8/8        EV: 11    Int: 14    God:
Gold:   221        SH:  0    Dex: 18    Spells: 5/5 levels left

rFire   . . .        Y - +1 shortbow
rCold   . . .        (shield currently unavailable)
rNeg    . . .        f - +1 ring mail
rPois   .            p - +0 helmet
rElec   .            (no cloak)
rCorr   +            q - +0 pair of gloves
SInv    .            (no boots)
Will    .....        h - amulet of regeneration
Stlth   +            o - ring of resist corrosion
HPRegen 1.05/turn    (no ring)
MPRegen 0.11/turn

%: no passive effects
@: no status effects
A: no striking features
a: no special abilities


You were on level 5 of the Dungeon.
You visited 1 branch of the dungeon, and saw 5 of its levels.

You collected 221 gold pieces.


   Skills:
 - Level 2.3 Fighting
 + Level 9.1 Ranged Weapons
 - Level 1.9 Armour
 - Level 2.4 Dodging
 - Level 1.2 Stealth


You had 5 spell levels left.
You didn't know any spells.
Your spell library was empty.

Inventory:

Hand Weapons
 Y - a +1 shortbow (weapon)
Armour
 e - a +0 leather armour of cold resistance
 f - a +1 ring mail (worn)
 k - the +0 scale mail of the Nightingale {-Tele *Slow rF+++ Slay+6}
   (You found it on level 2 of the Dungeon)

   Slay:      It affects your accuracy & damage with ranged weapons and melee
   (+6).
   rF:        It renders you almost immune to fire.
   -Tele:     It prevents most forms of teleportation.
   *Slow:     It may slow you when you take damage.
 p - a +0 helmet (worn)
 q - a +0 pair of gloves (worn)
Jewellery
 h - an amulet of regeneration (around neck)
 m - a ring of ice
 o - a ring of resist corrosion (left hand)
Scrolls
 i - a scroll of identify
Potions
 a - a potion of ambrosia {unknown}
 b - a potion of mutation {unknown}
 c - a potion of resistance {unknown}
 d - a potion of haste {unknown}
 g - a potion of enlightenment {unknown}
 j - a potion of lignification {unknown}
 l - 3 potions of curing
 n - a potion of degeneration {unknown}

Dungeon Overview and Level Annotations

Branches:
Dungeon (5/15)
 Temple: D:4-7

Altars:
Dithmenos
Fedhas
Gozag

Annotations:
D:3 2 transporters
D:5 Dowan, Duvessa


Message History

You shoot an arrow. The arrow barely misses Duvessa.
Duvessa hits you with a +0 short sword. Duvessa misses you.
You shoot an arrow. The arrow completely misses Duvessa.
Duvessa hits you but does no damage.
You shoot an arrow. The arrow barely misses Duvessa.
Duvessa hits you but does no damage. Duvessa hits you with a +0 short sword!
Dowan gestures at you while chanting. You resist with some effort.
You shoot an arrow.
The arrow hits Duvessa but does no damage.
Duvessa is moderately wounded.
Duvessa hits you with a +0 short sword. Duvessa hits you but does no damage.
You shoot an arrow. The arrow hits Duvessa.
Duvessa is heavily wounded.
Duvessa hits you but does no damage.
You shoot an arrow.
The arrow hits Duvessa but does no damage.
Duvessa is heavily wounded.
Duvessa hits you with a +0 short sword. Dowan closely misses you.
Duvessa misses you.
You shoot an arrow. The arrow hits Duvessa.
Duvessa is heavily wounded.
Duvessa hits you but does no damage. Dowan gestures at you while chanting.
The puff of flame hits you.
You shoot an arrow. The arrow closely misses Duvessa.
Duvessa hits you with a +0 short sword. Dowan hits you but does no damage.
Duvessa hits you but does no damage.
You shoot an arrow.
The arrow hits Duvessa but does no damage.
Duvessa is heavily wounded.
Duvessa barely misses you. Dowan closely misses you.
Duvessa says, "My weaknesses are his strengths!"
Duvessa hits you with a +0 short sword.
You shoot an arrow. The arrow hits Duvessa.
Duvessa is heavily wounded.
Duvessa is no longer moving quickly.
Dowan casts a spell at you. The puff of frost hits you.
Duvessa hits you with a +0 short sword.
You die...

........#
..~.8.~.# ######
###.~...~.##
......
....~~.~~...
##.... ...~~.~~.#
...# #.~~.~~?#
#### #.~~_~~e# ..#
#.~~~~~@# #.#
#..~~~e.# #.#
###.......#
..######........##
..).....[##.###.#
#.#########.# #.#
#.# #.# #.. #.#
#.# #..# #.# #.#
#..#


You could see Duvessa and Dowan.

Vanquished Creatures
  An ogre (D:5)
  A hound (D:2)
  An orc priest (D:4)
  An iguana (D:4)
  3 gnolls
  8 adders
  An ufetubus (D:2)
  2 dart slugs
  5 orcs
  8 ball pythons
  9 endoplasms
  2 giant cockroaches
  5 goblins
  A hobgoblin (D:1)
  8 jackals
  5 quokkas
  5 bats
  3 frilled lizards
  4 kobolds
  3 rats
76 creatures vanquished.

Notes
Turn   | Place    | Note
-------+----------+-------------------------------------------
     0 | D:1      | qw the Deep Elf Hunter began the quest for the Orb.
     0 | D:1      | Reached XP level 1. HP: 12/12 MP: 3/3
     0 | D:1      | 0 ||| qw: Version: 0.3-a-22-g0ed2b0b
     0 | D:1      | 0 ||| qw: Game counter: 6183
     0 | D:1      | 0 ||| qw: Melee chars always use a shield: true
     0 | D:1      | 0 ||| qw: God list: Okawaru
     0 | D:1      | 0 ||| qw: Allow faded altars: false
     0 | D:1      | 0 ||| qw: Do Orc after clearing Dungeon:15 true
     0 | D:1      | 0 ||| qw: Do second Lair branch before Depths: true
     0 | D:1      | 0 ||| qw: Lair rune preference: random
     0 | D:1      | 0 ||| qw: Goals: Normal
     0 | D:1      | 0 ||| PLANNING D:1-11
   218 | D:1      | Reached skill level 6 in Ranged Weapons
   218 | D:1      | Reached XP level 2. HP: 16/16 MP: 4/4
   245 | D:1      | 245 ||| FLEEEEING.
   246 | D:1      | 246 ||| FLEEEEING.
   783 | D:1      | 783 ||| UPGRADING to +0 ring mail.
   793 | D:1      | 793 ||| DROPPING +0 leather armour.
   794 | D:1      | 794 ||| UPGRADING to amulet of regeneration.
   799 | D:1      | 799 ||| READING scroll labelled HOSUR AXTUVE.
   800 | D:1      | 800 ||| DRINKING 2 bubbling coppery potions.
   801 | D:1      | 801 ||| DROPPING scroll of butterflies.
   852 | D:2      | Reached XP level 3. HP: 20/20 MP: 5/5
   867 | D:2      | Reached skill level 7 in Ranged Weapons
  1153 | D:2      | Identified the +0 scale mail of the Nightingale {-Tele
                  | *Slow rF+++ Slay+6}
  1195 | D:2      | Identified the +11 spear "Raisud" {venom, Fragile rPois
                  | Int+6 Dex+3}
  1373 | D:2      | 1373 ||| DROPPING amulet of the acrobat.
  1374 | D:2      | 1374 ||| READING 2 scrolls labelled ONOGUN SUMEOKK.
  1375 | D:2      | 1375 ||| READING scroll labelled YHUGHEADEI.
  1376 | D:2      | 1376 ||| DRINKING 3 pink potions.
  1390 | D:3      | Reached XP level 4. HP: 24/25 MP: 6/6
  1448 | D:3      | Noticed a small abomination
  1455 | D:3      | You fall into a shaft and drop 1 floor!
  1480 | D:4      | 1480 ||| READING scroll labelled WYM IMATUO.
  1510 | D:3      | Reached skill level 8 in Ranged Weapons
  1521 | D:3      | 1521 ||| STAIRDANCE
  1534 | D:2      | Reached XP level 5. HP: 27/29 MP: 7/7
  1575 | D:3      | Found an opulent altar of Gozag.
  1678 | D:3      | Found a transporter.
  1682 | D:3      | Found a transporter.
  1794 | D:3      | 1794 ||| UPGRADING to ring of resist corrosion.
  1795 | D:3      | 1795 ||| READING scroll labelled SEWISOAHA.
  1796 | D:3      | 1796 ||| READING scroll labelled POTROFODUA.
  1797 | D:3      | 1797 ||| DRINKING 2 fizzy ruby potions.
  1901 | D:3      | 1901 ||| DROPPING potion of berserk rage.
  1991 | D:4      | HP: 7/29 [iguana (7)]
  1992 | D:4      | 1992 ||| DRINKING potion of heal wounds.
  1995 | D:4      | Reached skill level 9 in Ranged Weapons
  2138 | D:4      | Found a shadowy altar of Dithmenos.
  2539 | D:4      | 2539 ||| READING scroll of enchant armour.
  2539 | D:4      | 2539 ||| ENCHANTING +0 ring mail.
  2649 | D:4      | 2649 ||| UPGRADING to +0 helmet.
  2654 | D:4      | 2654 ||| UPGRADING to +0 pair of gloves.
  2659 | D:4      | 2659 ||| READING scroll labelled LIG GIRCHADIAJ.
  2684 | D:5      | Entered Level 5 of the Dungeon
  2687 | D:5      | Reached XP level 6. HP: 35/35 MP: 8/8
  2714 | D:5      | Reached skill level 1 in Armour
  2719 | D:5      | Found a blossoming altar of Fedhas.
  2730 | D:5      | Noticed Dowan
  2731 | D:5      | Noticed Duvessa
  2750 | D:5      | HP: 8/35 [Duvessa/+0 short sword (4)]
  2752 | D:5      | HP: 1/35 [Dowan/puff of frost (5)]
  2752 | D:5      | Slain by Duvessa

Levels and vault maps discovered:
D:1:      reono_arrival_mine, layout_loops_ring
D:2:      layout_loops_cross
D:3:      layout_rooms, grunt_gozag_statues, gammafunk_ghost_abyssal_escape
D:4:      layout_basic, nicolae_dithmenos_the_darkroom
D:5:      layout_loops_ring, mainiacjoe_overflow_catwalk,
          biasface_ghost_orc_armoury, uniq_duvessa

Skill      XL: |  1  2  3  4  5  6 |
---------------+-------------------+-----
Ranged Weapons | 6 7 8 9 |  9.1
Fighting       | 2 |  2.3
Armour         | 1 |  1.9
Dodging        | |  2.4
Stealth        | |  1.2

Action                     |  1- 3 |  4- 6 || total
---------------------------+-------+-------++-------
   Fire: Shortbow          |    91 |   146 ||   237
    Use: Scroll            |     3 |     5 ||     8
         Potion            |     2 |     2 ||     4
 Armour: Leather armour    |     2 |       ||     2
         Ring mail         |    20 |    34 ||    54
  Dodge: Dodged            |    32 |    53 ||    85

Table legend:
 A = Non-vault XP
 B = Vault XP
 C = Vault XP percentage of total XP
 D = Non-vault monster count
 E = Vault monster count
 F = Vault count percentage of total count
                 A         B        C        D         E       F
            +---------+---------+-------+---------+---------+-------
      Total |     512 |       0 |   0.0 |      76 |       0 |   0.0
            +---------+---------+-------+---------+---------+-------
        D:1 |      35 |       0 |   0.0 |      20 |       0 |   0.0
        D:2 |     104 |       0 |   0.0 |      13 |       0 |   0.0
        D:3 |     101 |       0 |   0.0 |      22 |       0 |   0.0
        D:4 |     132 |       0 |   0.0 |      18 |       0 |   0.0
        D:5 |     140 |       0 |   0.0 |       3 |       0 |   0.0
            +---------+---------+-------+---------+---------+-------
